Map: Kairos Junction LE

Players

ALLMIGHT - Winner!

  • Race: Zerg Zerg
  • League: Grandmaster
  • Spawn Location: 11:00

Chappy

  • Race: Zerg Zerg
  • League: Master
  • Spawn Location: 5:00

VOD

Have the link to the VOD?

Description

Time

  • Played on: Feb. 11, 2019, 4:12 a.m.
  • Length: 10:10
Show
View Real Time Build Order
Export as new Build Order

ALLMIGHT Zerg - Winner!

Build Orders: Hatch First 

Get SALT Encoding   

  12  0:01  Drone  
  13  0:13  Overlord  
  13  0:17  Drone  
  14  0:31  Drone x2  
  16  0:36  Drone  
  17  0:52  Hatchery  
  17  0:55  Drone  
  17  0:58  Drone  
  18  1:09  Extractor  
  17  1:13  Spawning Pool  
  17  1:15  Drone  
  17  1:19  Drone  
  18  1:29  Drone  
  19  1:41  Overlord  
  19  1:52  Drone  
  20  2:00  Queen  
  22  2:03  Queen  
  22  2:04  Zergling x4  
  26  2:09  Metabolic Boost  
  26  2:11  Drone  
  27  2:16  Drone  
  28  2:28  Drone x2  
  30  2:32  Baneling Nest  
  30  2:33  Drone  
  30  2:43  Drone  
  31  2:50  Hatchery  
  30  2:52  Overlord  
  29  3:00  Overlord  
  29  3:08  Drone x3  
  29  3:09  Drone  
  33  3:13  Drone x2  
  33  3:17  Baneling x2  
  33  3:19  Drone x2  
  37  3:23  Zergling x2  
  37  3:25  Zergling x2  
  39  3:34  Zergling x6  
  39  3:38  Lair  
  42  3:46  Overlord  
  42  3:49  Zergling x2  
  42  3:51  Drone x4  
  42  3:54  Drone x2  
  49  4:02  Drone x2  
  51  4:05  Overlord  
  47  4:20  Drone x8  
  47  4:22  Extractor  
  54  4:25  Extractor  
  54  4:26  Extractor  
  54  4:28  Overlord  
  54  4:29  Drone x3  
  54  4:30  Queen  
  57  4:45  Spire  
  56  4:55  Drone x8  
  56  4:56  Drone x4  
  56  4:59  Baneling x2  
  67  5:01  Zergling x2  
  67  5:11  Overlord x3  
  67  5:16  Spine Crawler  
  67  5:17  Overseer  
  67  5:19  Drone x3  
  69  5:24  Baneling x2  
  69  5:29  Overlord  
  69  5:31  Drone x6  
  75  5:42  Zergling x12  
  80  5:47  Extractor  
  80  5:48  Extractor  
  77  5:58  Zerg Flyer Weapons Level 1  
  77  6:06  Drone x4  
  81  6:14  Overlord x3  
  81  6:25  Mutalisk x9  
  83  6:27  Baneling x2  
  83  6:30  Hatchery  
  97  6:34  Mutalisk  
  96  6:41  Mutalisk  
  97  6:50  Mutalisk  
  98  6:59  Hatchery  
  97  7:01  Mutalisk x2  
  97  7:03  Evolution Chamber, Zergling x16  
  108  7:11  Mutalisk x2  
  112  7:17  Mutalisk  
  112  7:19  Zergling x8  
  118  7:25  Mutalisk  
  118  7:27  Zergling x10  
  118  7:29  Zerg Melee Weapons Level 1  
  125  7:32  Queen  
  125  7:36  Mutalisk  
  129  7:42  Mutalisk  
  130  7:49  Zergling x18  
  134  7:55  Queen  
  136  8:02  Mutalisk x3  
  135  8:06  Mutalisk  
  135  8:10  Zergling x12  
  135  8:11  Zergling x12  
  142  8:21  Zergling x6  
  142  8:28  Overlord x4  
  142  8:34  Mutalisk x3  
  138  8:49  Mutalisk x2  
  138  8:52  Zergling x14  
  139  9:03  Mutalisk x2  
  139  9:04  Zergling x4  
  139  9:05  Zergling x24  
  148  9:14  Mutalisk x2  
  143  9:25  Mutalisk x2  
  143  9:26  Extractor  
  143  9:27  Extractor  
  143  9:30  Mutalisk  
  141  9:32  Zergling x16  
  148  9:39  Zergling x8  
Show
View Real Time Build Order
Export as new Build Order

Chappy Zerg 

Build Orders: Hatch First 

Get SALT Encoding   

  12  0:00  Drone  
  13  0:12  Overlord  
  13  0:17  Drone  
  14  0:30  Drone  
  14  0:31  Drone  
  16  0:50  Hatchery  
  16  0:53  Drone  
  16  0:56  Drone  
  17  0:59  Drone  
  18  1:10  Extractor  
  17  1:15  Spawning Pool  
  17  1:17  Drone  
  17  1:21  Drone  
  18  1:28  Drone  
  19  1:38  Drone  
  20  1:49  Drone  
  21  2:01  Queen x2  
  21  2:05  Overlord  
  25  2:09  Drone  
  25  2:15  Zergling x2  
  27  2:16  Drone  
  27  2:18  Metabolic Boost  
  28  2:26  Drone x2  
  30  2:37  Hatchery  
  30  2:43  Baneling Nest  
  28  2:45  Drone  
  28  2:47  Drone  
  30  2:52  Overlord  
  30  2:54  Drone  
  30  3:00  Drone x2  
  32  3:05  Drone  
  33  3:13  Drone x4  
  33  3:14  Drone  
  33  3:17  Drone  
  39  3:21  Overlord  
  39  3:23  Zergling x2  
  39  3:25  Zergling x2  
  41  3:33  Zergling x2  
  42  3:38  Evolution Chamber  
  42  3:39  Zergling x2  
  42  3:41  Queen  
  42  3:46  Overlord  
  42  3:47  Baneling x2  
  44  3:51  Drone x4  
  44  3:52  Drone  
  44  3:54  Extractor  
  48  3:56  Extractor, Drone  
  48  4:04  Zerg Missile Weapons Level 1  
  48  4:06  Baneling  
  48  4:07  Baneling x2  
  48  4:08  Zergling x6  
  47  4:18  Zergling x10  
  47  4:20  Queen  
  54  4:28  Drone x4  
  54  4:30  Drone  
  59  4:35  Lair  
  59  4:43  Roach Warren  
  58  4:46  Drone x3  
  58  4:47  Drone  
  58  4:52  Overlord  
  62  4:54  Drone x2  
  62  4:57  Drone  
  62  4:59  Drone  
  66  5:02  Overlord  
  66  5:11  Drone x5  
  66  5:12  Pneumatized Carapace  
  71  5:19  Overlord x2  
  71  5:23  Extractor  
  71  5:24  Drone  
  71  5:25  Extractor x2, Drone x3  
  71  5:26  Drone  
  73  5:31  Drone x3  
  73  5:32  Drone  
  73  5:34  Overseer  
  77  5:41  Spire  
  70  5:43  Drone x3  
  72  5:50  Drone  
  72  5:52  Drone x2, Overlord  
  72  5:54  Glial Reconstitution  
  72  5:56  Roach x2  
  79  6:04  Overlord x2  
  79  6:05  Roach x3  
  79  6:10  Spore Crawler  
  84  6:11  Spore Crawler  
  84  6:13  Spore Crawler  
  84  6:15  Spore Crawler  
  84  6:18  Roach x2  
  84  6:19  Queen  
  84  6:26  Roach x2  
  84  6:27  Roach x2  
  84  6:31  Hydralisk Den  
  88  6:36  Drone x6  
  91  6:41  Queen  
  91  6:45  Drone x4  
  97  6:53  Zerg Ground Armor Level 1  
  90  7:00  Corruptor x2  
  94  7:01  Spore Crawler  
  94  7:04  Corruptor  
  95  7:09  Corruptor  
  95  7:14  Zerg Flyer Armor Level 1  
  97  7:17  Corruptor  
  99  7:23  Overlord x3  
  97  7:35  Overlord  
  97  7:38  Spore Crawler  
  93  7:45  Overlord  
  93  7:47  Corruptor x5  
  89  8:00  Roach Warren  
  89  8:02  Corruptor x2  
  88  8:13  Overlord  
  88  8:16  Corruptor x2  
  90  8:21  Corruptor  
  92  8:28  Evolution Chamber  
  92  8:29  Roach Warren  
  92  8:30  Corruptor  
  89  8:53  Corruptor x3  
  89  9:12  Roach x2  
  89  9:13  Roach x6  
  101  9:17  Roach  
  101  9:18  Roach x2  
  99  9:32  Roach x3  
  99  9:33  Roach x2  
  111  9:38  Roach x3  
  111  9:39  Roach  
  111  9:45  Roach x3  
Tags
 
Add a new tag
Caveats
  • Supply blocks, unpowered buildings, or Contaminate may cause inaccurate times.
  • Supply counts are checked every 10 seconds.